 Dungeon Crawl Stone Soup version 0.20.0-14-g326068f (webtiles) character file.

8201 skittles the Arsonist (level 11, -8/95 HPs)
             Began as a Red Draconian Fire Elementalist on June 8, 2017.
             Was an Elder of Vehumet.
             Killed by divine providence
             ... invoked by a meliai
              (16 damage)
             ... on level 9 of the Dungeon.
             The game lasted 00:39:25 (12796 turns).

skittles the Arsonist (DrFE)                       Turns: 12796, Time: 00:39:25

Health: -8/95      AC:  8    Str: 10    XL:     11   Next: 6%
Magic:  15/30      EV: 21    Int: 20    God:    Vehumet [****..]
Gold:   566        SH:  0    Dex: 13    Spells: 4/24 levels left

rFire    + . .     SeeInvis .   a - +7 captain's cutlass {speed, disarm}
rCold    . . .     Gourm    .   (no shield)
rNeg     . . .     Faith    .   (armour unavailable)
rPois    .         Spirit   .   (helmet restricted)
rElec    .         Reflect  .   (no cloak)
rCorr    .         Harm     .   t - +0 pair of gloves
MR       .....                  (no boots)
Stlth    ++........             (no amulet)
Regen    0.3/turn               f - ring of magical power
MPRegen  0.3/turn               p - +5 ring of evasion

@: short of breath
A: breathe fire, unfitting armour, agile 1, fire resistance 1, mutation
resistance 1, wild magic 1, cold-blooded, AC +7
a: Breathe Fire, Renounce Religion


You were on level 9 of the Dungeon.
You worshipped Vehumet.
Vehumet was greatly pleased with you.
You were hungry.

You visited 2 branches of the dungeon, and saw 10 of its levels.
You also visited: Sewer.

You collected 566 gold pieces.

Inventory:

Hand Weapons
 a - the +7 captain's cutlass (weapon) {speed, disarm}
   (You took it off a centaur on level 6 of the Dungeon)

   Attacks with this weapon are significantly faster.
 b - a +0 spear
Armour
 t - a +0 pair of gloves (worn)
 O - a +0 buckler
Magical Staves
 D - an uncursed staff of wizardry
Jewellery
 e - an uncursed ring of wizardry
 f - a ring of magical power (left hand)
 p - a +5 ring of evasion (right hand)
 M - an uncursed ring of resist corrosion
 T - a +3 ring of evasion
Wands
 q - a wand of acid (6/15)
 A - a wand of digging (15/24)
 K - a wand of confusion (25/48)
 P - a wand of clouds (4/9)
Scrolls
 h - 4 scrolls of teleportation
 n - a scroll of holy word {unknown}
 o - 3 scrolls of blinking {unknown}
 s - 5 scrolls of fear {unknown}
 u - 2 scrolls of magic mapping {unknown}
 x - a scroll of recharging {unknown}
 y - 5 scrolls of enchant armour {unknown}
 C - 2 scrolls of noise {unknown}
 E - 2 scrolls of random uselessness {unknown}
 G - a scroll of summoning {unknown}
 I - a scroll of silence {unknown}
 J - 2 scrolls of remove curse
 N - 2 scrolls of brand weapon {unknown}
 S - a scroll of amnesia {unknown}
Potions
 c - a potion of ambrosia
 d - 5 potions of lignification
 i - 2 potions of haste
 j - 2 potions of might
 k - 3 potions of cancellation
 r - 3 potions of curing
 v - a potion of magic
 w - 2 potions of heal wounds
 z - a potion of brilliance
 B - a potion of flight
 F - a potion of berserk rage
 H - a potion of agility
 L - 2 potions of mutation
Books
 Q - a book of Flames

   Spells                             Type                      Level
   a - Flame Tongue                   Conjuration/Fire             1
   b - Throw Flame                    Conjuration/Fire             2
   c - Conjure Flame                  Conjuration/Fire             3
   d - Inner Flame                    Hexes/Fire                   3
   e - Sticky Flame                   Conjuration/Fire             4
   f - Fireball                       Conjuration/Fire             5
 U - a book of Callings

   Spells                             Type                      Level
   a - Summon Small Mammal            Summoning                    1
   b - Call Imp                       Summoning                    2
   c - Call Canine Familiar           Summoning                    3
   d - Summon Guardian Golem          Hexes/Summoning              3
   e - Summon Lightning Spire         Summoning/Air                4
   f - Summon Ice Beast               Ice/Summoning                4
Comestibles
 g - 10 bread rations
 m - 4 meat rations


   Skills:
 + Level 8.5 Fighting
 + Level 7.0 Dodging
 - Level 1.7 Stealth
 + Level 7.0 Spellcasting
 + Level 7.9 Conjurations
 + Level 10.1 Fire Magic


You had 4 spell levels left.
You knew the following spells:

 Your Spells              Type           Power        Failure   Level  Hunger
a - Flame Tongue          Conj/Fire      #####        1%          1    None
b - Conjure Flame         Conj/Fire      ######..     1%          3    #......
c - Sticky Flame          Conj/Fire      ######..     1%          4    ###....
d - Fireball              Conj/Fire      ######....   2%          5    #####..
e - Magic Dart            Conj           ####         1%          1    None
f - Searing Ray           Conj           ######       1%          2    None
g - Fulminant Prism       Conj/Hex       ####......   7%          4    ###....


Dungeon Overview and Level Annotations

Branches:
Dungeon (9/15)             Temple (1/1) D:4             Orc (0/2) D:9
   Lair: D:8-11

Altars:
Ashenzari
Cheibriados
Dithmenos
Elyvilon
Fedhas
Gozag
Hepliaklqana
Kikubaaqudgha
Makhleb
Nemelex Xobeh
Okawaru
Qazlal
Ru
Sif Muna
Trog
Uskayaw
Vehumet
Zin
The Shining One


Innate Abilities, Weirdness & Mutations

You can breathe blasts of fire.
Your fiery red scales are hard. (AC +7)
You cannot fit into any form of body armour.
Your flesh is heat resistant. (rF+)
You are cold-blooded and may be slowed by cold attacks.
You are agile. (Dex +2)
You are somewhat resistant to further mutation.
Your spells are a little harder to cast, but a little more powerful.


Message History

The meliai closely misses you. The meliai misses you.
Casting: Flame Tongue
Confirm with . or Enter, or press ? or * to list all spells.
Aiming: Sticky Flame
Press: ? - help, Shift-Dir - straight line, f - meliai
Aim: a meliai, wielding a war axe and wearing a robe (heavily wounded)
The sticky flame hits the meliai.
The meliai is heavily wounded.
The meliai is covered in liquid flames!
The meliai burns!
The meliai hits you with a war axe!
* * * LOW HITPOINT WARNING * * *
The meliai stings you!
* * * LOW HITPOINT WARNING * * *
You are lethally poisoned!
The meliai poisons you! The meliai closely misses you.
The meliai barely misses you.
You feel better.
The meliai burns!
The meliai invokes the aid of its god against you.
Something smites you!
You die...

#
########.#...#..#.........#
.#
#..#..............#########
..##.#..###.........#.#
.......## ##.....#.#.##
#.#.###.# ##....##.##
..#.....# ##.#.####
...#.#.## ###.# ##..####
#.# ...#.# #@# .###.## #y#
......# #.# .#.#..## #.#
..##.#.# ... #.#.##..# ...
.....#.## ##... ##.##..#
..## ##.# ### #.#


You could see a meliai (burning).

Vanquished Creatures
  Erolcha (D:9)
  Psyche (D:8)
  The ghost of Bazza123 the Ruffian, an amateur TrBe of Trog (D:5)
  2 meliai (D:9)
  2 polar bears (D:8)
  2 hippogriffs
  A wyvern (D:9)
  Grum (D:8)
  A yak (D:8)
  3 hungry ghosts
  A water moccasin (D:6)
  5 ice beasts
  3 orc warriors
  Purgy (Sewer)
  3 phantoms
  An ogre (D:6)
  5 wolves (D:8)
  5 centaurs
  The ghost of Turgon the Magician, an amateur OpWn (D:3)
  4 bullfrogs
  A water moccasin skeleton (D:7)
  A scorpion (D:9)
  2 troll zombies (D:9)
  12 wights
  2 electric eels (D:8)
  5 howler monkeys
  A centaur zombie (D:8)
  5 crimson imps
  A bullfrog zombie (D:7)
  A hound (D:6)
  4 jellies
  5 orc priests
  6 iguanas
  9 orc wizards
  3 worker ants
  4 ogre zombies (D:9)
  A hound skeleton (D:6)
  A worker ant zombie (D:3)
  11 adders
  7 gnolls
  2 river rats (D:3)
  A shadow imp (D:6)
  5 white imps (D:8)
  An ooze (D:3)
  3 adder skeletons
  3 worms
  2 adder simulacra (D:8)
  6 leopard geckos
  26 orcs
  3 ball pythons
  9 giant cockroaches
  7 hobgoblins
  8 jackals
  12 kobolds
  A quokka (D:6)
  8 bats (D:2)
  8 frilled lizards
  5 goblins
  A goblin skeleton (D:9)
  3 hobgoblin skeletons (D:9)
  3 hobgoblin zombies (D:9)
  2 jackal skeletons
  A leopard gecko zombie (D:5)
  2 orc skeletons (D:9)
  9 orc zombies (D:9)
  A quokka skeleton (D:5)
  11 rats
269 creatures vanquished.

Vanquished Creatures (others)
  2 fulminant prisms
2 creatures vanquished.

Grand Total: 271 creatures vanquished

Notes
Turn   | Place    | Note
-------+----------+-------------------------------------------
     0 | D:1      | skittles the Draconian Fire Elementalist began the quest for the Orb.
     0 | D:1      | Reached XP level 1. HP: 14/14 MP: 3/3
     1 | D:1      | Noticed a merfolk zombie
     7 | D:1      | Noticed a merfolk zombie
    16 | D:1      | Noticed a minotaur zombie
    16 | D:1      | Noticed a minotaur zombie
   626 | D:1      | Reached XP level 2. HP: 20/22 MP: 5/5
  1179 | D:1      | HP: 1/22 [hobgoblin/club (1)]
  1552 | D:2      | Reached skill level 1 in Fighting
  1668 | D:2      | Reached XP level 3. HP: 25/28 MP: 0/6
  2304 | D:2      | Found a faded altar of an unknown god.
  2385 | D:2      | Reached XP level 4. HP: 36/36 MP: 7/7
  2625 | D:2      | Learned a level 3 spell: Conjure Flame
  3029 | D:3      | Noticed Turgon's ghost (amateur OpWn)
  3046 | D:3      | Killed Turgon's ghost
  3046 | D:3      | Reached XP level 5. HP: 29/42 MP: 1/8
  3183 | D:3      | Learned a level 4 spell: Sticky Flame
  3503 | D:3      | Found a glowing drain.
  3505 | D:3      | Reached skill level 4 in Fire Magic
  3551 | Sewer    | Entered a sewer
  3650 | Sewer    | Noticed Purgy
  3661 | Sewer    | Killed Purgy
  3661 | Sewer    | Reached XP level 6. HP: 38/50 MP: 1/10
  4588 | D:4      | Found a staircase to the Ecumenical Temple.
  4597 | Temple   | Entered the Ecumenical Temple
  4656 | Temple   | Became a worshipper of Vehumet
  5045 | D:4      | Found a sparkling altar of Nemelex Xobeh.
  5470 | D:5      | Entered Level 5 of the Dungeon
  5623 | D:5      | Noticed an ice beast
  5644 | D:5      | HP: 1/51 [orc priest/divine providence (14)]
  5671 | D:4      | Killed an ice beast
  5671 | D:4      | Your scales start taking on a fiery red colour.
  5671 | D:4      | Reached skill level 5 in Fire Magic
  5671 | D:4      | Reached XP level 7. HP: 18/58 MP: 0/12
  5671 | D:4      | Gained mutation: Your flesh is heat resistant. (rF+) [Red Draconian growth]
  6449 | D:5      | Learned a level 5 spell: Fireball
  6472 | D:5      | Noticed Bazza123's ghost (amateur TrBe)
  6492 | D:5      | Killed Bazza123's ghost
  6492 | D:5      | Reached skill level 6 in Fire Magic
  7333 | D:6      | Reached XP level 8. HP: 61/67 MP: 14/14
  7887 | D:6      | Found a hazy altar of Hepliaklqana.
  7952 | D:6      | Reached * piety under Vehumet
  7952 | D:6      | Offered knowledge of Magic Dart by Vehumet.
  7967 | D:6      | Reached skill level 5 in Fighting
  8210 | D:6      | Reached skill level 7 in Fire Magic
  8452 | D:6      | Reached skill level 5 in Conjurations
  8707 | D:6      | Reached XP level 9. HP: 40/75 MP: 10/16
  8910 | D:6      | Reached skill level 5 in Dodging
  9035 | D:6      | Reached skill level 5 in Spellcasting
  9081 | D:6      | Learned a level 1 spell: Magic Dart
  9499 | D:7      | Reached ** piety under Vehumet
  9499 | D:7      | Offered knowledge of Searing Ray by Vehumet.
  9499 | D:7      | Reached skill level 8 in Fire Magic
  9503 | D:7      | Learned a level 2 spell: Searing Ray
  9988 | D:8      | Noticed Psyche
 10019 | D:8      | Noticed Grum
 10276 | D:8      | Killed Psyche
 10281 | D:8      | Reached XP level 10. HP: 82/86 MP: 10/18
 10483 | D:8      | Offered knowledge of Static Discharge by Vehumet.
 10483 | D:8      | Reached skill level 9 in Fire Magic
 10573 | D:8      | Killed Grum
 10726 | D:8      | Found a deep blue altar of Sif Muna.
 10803 | D:8      | Reached *** piety under Vehumet
 11243 | D:8      | Offered knowledge of Fulminant Prism by Vehumet.
 11249 | D:8      | Learned a level 4 spell: Fulminant Prism
 11424 | D:8      | Found an opulent altar of Gozag.
 11428 | D:8      | Found a bloodstained altar of Trog.
 11746 | D:9      | Gained mutation: You are somewhat resistant to further mutation. [potion of mutation]
 11746 | D:9      | Gained mutation: You are agile. (Dex +2) [potion of mutation]
 11746 | D:9      | Gained mutation: Your spells are a little harder to cast, but a little more powerful. [potion of mutation]
 11790 | D:9      | Found a staircase to the Orcish Mines.
 12127 | D:9      | Reached **** piety under Vehumet
 12151 | D:9      | Offered knowledge of Iskenderun's Battlesphere by Vehumet.
 12261 | D:9      | Noticed Erolcha
 12263 | D:9      | Paralysed by Erolcha for 6 turns
 12280 | D:9      | Killed Erolcha
 12280 | D:9      | Reached skill level 10 in Fire Magic
 12697 | D:9      | Reached XP level 11. HP: 85/95 MP: 21/21
 12795 | D:9      | HP: 3/95 [meliai/war axe (8)]
 12796 | D:9      | Killed from afar by a meliai

Skill      XL: |  1  2  3  4  5  6  7  8  9 10 11 |
---------------+----------------------------------+-----
Dodging        | 2 3 4 6 7 |  7.0
Fighting       | 1 2 3 4 5 7 8 |  8.5
Conjurations   | 2 3 4 5 6 7 |  7.9
Fire Magic     | 4 5 6 7 8 10 | 10.1
Spellcasting   | 3 4 5 7 |  7.0
Stealth        | |  1.7

Action                   |  1- 3 |  4- 6 |  7- 9 | 10-12 || total
-------------------------+-------+-------+-------+-------++-------
Melee: Unarmed           |    13 |       |       |       ||    13
       Club              |    39 |       |       |       ||    39
       Tailslap          |     5 |    17 |    37 |    15 ||    74
       Mace              |     8 |       |       |       ||     8
       Short sword       |     5 |   102 |    23 |       ||   130
       Falchion          |       |    72 |       |       ||    72
       Flail             |       |       |   290 |       ||   290
       Staff             |       |       |    22 |       ||    22
       Cutlass           |       |       |   107 |   188 ||   295
       Spear             |       |       |    11 |       ||    11
 Cast: Flame Tongue      |    29 |    54 |    67 |    62 ||   212
       Conjure Flame     |       |     1 |     7 |       ||     8
       Sticky Flame      |       |     7 |    28 |    26 ||    61
       Magic Dart        |       |       |     8 |       ||     8
       Searing Ray       |       |       |     1 |     5 ||     6
       Fireball          |       |       |       |     4 ||     4
       Fulminant Prism   |       |       |       |     2 ||     2
 Abil: Breathe Fire      |       |       |       |     1 ||     1
  Use: Scroll            |     5 |     4 |     6 |     1 ||    16
       Potion            |       |     4 |     1 |     4 ||     9
 Stab: Sleeping          |       |     3 |     2 |     2 ||     7
       Distracted        |       |       |     1 |       ||     1
  Eat: Chunk             |     5 |    12 |    12 |    10 ||    39
       Fruit             |       |       |     2 |       ||     2
       Royal jelly       |       |       |     4 |       ||     4
       Meat ration       |       |       |       |     1 ||     1
Armor: Skin              |    20 |    64 |   180 |    41 ||   305
Dodge: Dodged            |    66 |   171 |   407 |   239 ||   883
       Rpst.: Falchion   |       |    20 |       |       ||    20
